 Dungeon Crawl Stone Soup version 0.30.0-29-ga12c61a403 (webtiles) character file.

Game seed: 12218745419457774220

1919 hawla the Basher (level 9, -5/59 (62) HPs)
             Began as a Meteoran Fire Elementalist on June 22, 2023.
             Was a Believer of Vehumet.
             Slain by a wight
             ... wielding a +3 battleaxe
              (11 damage)
             ... on level 9 of the Dungeon.
             The game lasted 00:11:48 (2516 turns).

hawla the Basher (Meteoran Fire Elementalist)       Turns: 2516, Time: 00:11:49

HP:   -5/59 (62)    AC:  5    Str: 10 (11) XL:     9   Next: 66%
MP:   7/14          EV: 12    Int: 20      God:    Vehumet [**....]
Gold: 219           SH:  0    Dex: 14 (15) Spells: 7/14 levels left

rFire   . . .        b - +2 flail (holy)
rCold   . . .        (no shield)
rNeg    . . .        a - +1 robe
rPois   .            (no helmet)
rElec   .            (no cloak)
rCorr   .            g - +0 pair of gloves
SInv    .            k - +0 pair of boots
Will    +....        (no amulet)
Stlth   +            c - ring of wizardry
HPRegen 0.29/turn    (no ring)
MPRegen 0.14/turn

%: wizardry (x1)
@: glowing, lightly drained
A: sense surroundings 2, otherworldly, glowing, explore regen, deterioration 1
a: Renounce Religion


You were on level 9 of the Dungeon.
You worshipped Vehumet.
Vehumet was pleased with you.
You visited 2 branches of the dungeon, and saw 10 of its levels.

You collected 219 gold pieces.

Inventory:

Hand Weapons
 b - a +2 flail of holy wrath (weapon)
Armour
 a - a +1 robe (worn)
 g - a +0 pair of gloves (worn)
 k - a +0 pair of boots (worn)
Magical Staves
 p - a staff of death
 r - the staff of poison "Ozureur" {*Corrode Fly rPois Dex+4}
   (You found it on level 5 of the Dungeon)

   [staff of poison]

   Base accuracy: +5 Base damage: 5 Base attack delay: 1.2 This weapon's minimum
   attack delay (0.6) is reached at skill level 12.
   Dex:       It affects your dexterity (+4).
   rPois:     It protects you from poison.
   Fly:       It grants you flight.
   *Corrode:  It may corrode you when you take damage.
   It falls into the 'Staves' category.
   It is a one-handed weapon.
Jewellery
 c - a ring of wizardry (left hand)
Wands
 f - a wand of flame (17)
 o - a wand of polymorph (2)
Potions
 h - a potion of cancellation {unknown}
 i - a potion of flight {unknown}
 l - a potion of brilliance {unknown}


   Skills:
 + Level 13.3 Maces & Flails
 - Level 2.7 Dodging
 - Level 1.4 Stealth
 - Level 3.2 Spellcasting
 - Level 4.8 Conjurations
 - Level 4.8 Fire Magic


You had 7 spell levels left.
You knew the following spells:

 Your Spells              Type           Power      Damage    Failure   Level
a - Foxfire               Conj/Fire      88%        2x1d8     1%          1
b - Scorch                Fire           44%        2d6       1%          2
c - Flame Wave            Conj/Fire      22%        2d8       8%          4

Your spell library contained the following spells:

 Spells                   Type           Power      Damage    Failure   Level
 Shock                    Conj/Air       48%        1d6       2%          1
 Magic Dart               Conj           88%        1d7       1%          1
 Kiss of Death            Conj/Necr      48%        2d9       2%          1
 Inner Flame              Hex/Fire       13%        N/A       6%          3
 Volatile Blastmotes      Fire/Tloc      26%        2d12      6%          3
 Call Imp                 Summ           6%         N/A       9%          2
 Mephitic Cloud           Conj/Pois/Air  9%         N/A       9%          3
 Confusing Touch          Hex            3%         N/A       16%         3
 Vhi's Electric Charge    Tloc/Air       6%         N/A       16%         3
 Dispel Undead            Necr           3%         3d7       45%         4
 Arcjolt                  Conj/Air       6%         1d16      47%         5
 Maxwell's Capacitive Co  Air            1%         ∞         100%        8


Dungeon Overview and Level Annotations

Branches:
Dungeon (9/15) Zot: 2887   Temple (1/1) D:5 Zot: 598
   Lair: D:8-11         Orc: D:9-12

Altars:
Ashenzari
Dithmenos
Elyvilon
Fedhas
Hepliaklqana
Kikubaaqudgha
Makhleb
Nemelex Xobeh
Okawaru
Qazlal
Ru
Sif Muna
Trog
Uskayaw
Vehumet
Wu Jian
Zin

Annotations:
D:9 1 transporter


Innate Abilities, Weirdness & Mutations

You passively map the area around you.
You are easily found by Zot.
You glow in the dark.
You regain HP and MP as you explore.
Your body sometimes deteriorates upon taking damage.


Message History

A wight comes into view. It is wielding a +3 battleaxe.
A two-headed ogre comes into view.
It is wielding a +0 giant club and a +0 dire flail.
Things that are here:
a +0 dagger; a +0 robe
Found a transporter.
You aren't carrying any scrolls.
Unknown command.
Casting: Scorch (safe; 1% risk of failure)
Confirm with . or Enter, or press ? or * to list all spells.
You conjure some foxfire!
The wight hits you with a +3 battleaxe!
Your body deteriorates!
You feel clumsy.
The wight hits your foxfire with a +3 battleaxe! x2
Casting: Foxfire (safe; 1% risk of failure)
Confirm with . or Enter, or press ? or * to list all spells.
Flames lash the two-headed ogre.
The two-headed ogre is lightly wounded.
The two-headed ogre's fire resistance burns away.
The foxfire hits the wight!
The wight is heavily damaged.
The foxfire hits the wight but does no damage.
The wight is heavily damaged.
The wight hits you with a +3 battleaxe.
* * * LOW HITPOINT WARNING * * *
You feel drained.
* * * LOW HITPOINT WARNING * * *
You aren't carrying any scrolls.
Things that are here:
a +0 dagger; a +0 robe The wight attacks as you move away!
The wight hits you with a +3 battleaxe.
* * * LOW HITPOINT WARNING * * *
You feel drained.
* * * LOW HITPOINT WARNING * * *
The two-headed ogre is no longer more vulnerable to fire.
The wight attacks as you move away! The wight hits you with a +3 battleaxe.
* * * LOW HITPOINT WARNING * * *
Things that are here:
a +2 flail; a +0 robe
There is an escape hatch in the floor, spattered with blood here.
The wight attacks as you move away! The wight hits you with a +3 battleaxe!
You die...

#. , , ,, #.# ** #.# #
#.# .#. #.# #######...#
#.# ########........##
#.######)........)......#
#.......)zO.#######......
#...####@#### *.#.#..
##..# #.# .# .. #..# #.#
** .# ,## #..# #.# ,,, ,
.. . #..####.#.## ** *..
#...<....... , * .#
##......#.#. * 8,
#.......... * ##..####.##
, , ~,*


You could see a two-headed ogre and a wight.

Vanquished Creatures
  A komodo dragon (D:8)
  A yak (D:8)
  An orc warrior (D:8)
  An ice beast (D:4)
  An ogre (D:5)
  2 centaurs (D:8)
  2 bullfrogs
  2 scorpions (D:5)
  4 wights (D:9)
  2 jellies
  2 gnoll boudas
  4 orc priests
  Natasha (twice) (D:4)
  A sleepcap (D:6)
  2 iguanas (D:5)
  3 orc wizards
  11 gnolls
  5 adders
  A shadow imp (D:6)
  A white imp (D:7)
  2 ufetubi
  14 orcs
  A ball python (D:4)
  A bat (D:2)
  A giant cockroach (D:4)
  A hobgoblin (D:1)
  3 jackals (D:4)
  2 rats (D:3)
74 creatures vanquished.

Vanquished Creatures (others)
  A white imp (D:5)
  115 foxfires
116 creatures vanquished.

Grand Total: 190 creatures vanquished

Notes
Turn   | Place    | Note
-------+----------+-------------------------------------------
     0 | D:1      | hawla the Meteoran Fire Elementalist began the quest for
                  | the Orb.
     0 | D:1      | Reached XP level 1. HP: 14/14 MP: 5/5
    55 | D:2      | Reached XP level 2. HP: 20/20 MP: 3/6
    58 | D:2      | Learned a level 2 spell: Scorch
   178 | D:4      | Noticed a jelly
   185 | D:4      | Killed a jelly
   186 | D:4      | Reached XP level 3. HP: 26/26 MP: 1/8
   186 | D:4      | Reached XP level 4. HP: 33/33 MP: 1/9
   191 | D:4      | Learned a level 4 spell: Flame Wave
   257 | D:4      | Identified the +2 ring mail of Ugyakeh {Int+4}
   405 | D:5      | Entered Level 5 of the Dungeon
   604 | D:4      | Noticed an ice beast
   610 | D:4      | Killed an ice beast
   611 | D:4      | Reached XP level 5. HP: 38/38 MP: 2/10
   612 | D:4      | Identified the +9 chain mail of the Thistle {+Blink rF-
                  | Int+5}
   623 | D:4      | Noticed Natasha
   627 | D:4      | Killed Natasha
   628 | D:4      | Reached skill level 1 in Maces & Flails
   628 | D:4      | Reached XP level 6. HP: 45/45 MP: 3/11
   644 | D:4      | Reached skill level 2 in Maces & Flails
   661 | D:4      | Reached skill level 3 in Maces & Flails
   834 | D:4      | Noticed Natasha
   838 | D:4      | Killed Natasha
  1453 | D:5      | Reached skill level 4 in Maces & Flails
  1453 | D:5      | Reached XP level 7. HP: 50/50 MP: 5/12
  1457 | D:5      | Found a staircase to the Ecumenical Temple.
  1461 | Temple   | Entered the Ecumenical Temple
  1515 | D:5      | Reached skill level 5 in Maces & Flails
  1606 | D:5      | Reached skill level 6 in Maces & Flails
  1679 | D:5      | Identified the staff of poison "Ozureur" {*Corrode Fly
                  | rPois Dex+4}
  1818 | D:5      | Found a hide-covered altar of Uskayaw.
  1850 | D:5      | Found a radiant altar of Vehumet.
  1895 | D:5      | Became a worshipper of Vehumet
  1903 | D:5      | Reached skill level 7 in Maces & Flails
  1948 | D:5      | Reached XP level 8. HP: 20/57 MP: 7/13
  2016 | D:6      | Reached skill level 8 in Maces & Flails
  2016 | D:6      | Gained mutation: Your body sometimes deteriorates upon
                  | taking damage. [potion of mutation]
  2043 | D:6      | Reached skill level 9 in Maces & Flails
  2043 | D:6      | Reached * piety under Vehumet
  2043 | D:6      | Offered knowledge of Sandblast by Vehumet.
  2100 | D:6      | Identified the +4 sling of Disaster {heavy, Will++ Str+3
                  | Int-5}
  2222 | D:8      | Reached skill level 10 in Maces & Flails
  2293 | D:8      | Gained mutation: You passively map the area around you.
                  | [Meteoran growth]
  2293 | D:8      | Reached XP level 9. HP: 22/62 MP: 7/14
  2338 | D:8      | Noticed a komodo dragon
  2344 | D:8      | Killed a komodo dragon
  2345 | D:8      | Reached skill level 11 in Maces & Flails
  2413 | D:8      | Reached skill level 12 in Maces & Flails
  2488 | D:9      | Offered knowledge of Shock by Vehumet.
  2489 | D:9      | Reached skill level 13 in Maces & Flails
  2489 | D:9      | Reached ** piety under Vehumet
  2502 | D:9      | Noticed a two-headed ogre
  2503 | D:9      | Found a transporter.
  2516 | D:9      | Slain by a wight

Illustrated notes

Levels and vault maps discovered:
D:1:      shiori_shiawase, layout_basic
D:2:      layout_basic, serial_forest, infiniplex_forest_lined_room_3,
          infiniplex_forest_end_2, infiniplex_forest_corner_1,
          infiniplex_forest_pool, infiniplex_forest_clump_double,
          infiniplex_forest_zigzag_1, infiniplex_forest_clump_cross,
          minmay_worlds_worst_comb, uniq_jessica
D:3:      layout_basic, uniq_crazy_yiuf_cottage
D:4:      layout_layer_cave, uniq_natasha
D:5:      layout_loops_ring, mainiacjoe_overflow_two_lobes,
          minmay_temple_entry_waves, grunt_ministairs_6, lemuel_flamethrower_2
D:6:      layout_loops_cross, nicolae_shop_clearance, uniq_edmund
D:7:      layout_basic, nicolae_wooded_promenade
D:8:      layout_layer_cave, grunt_lair_entry_orc_guard_hut
D:9:      layout_loops_ring, nicolae_overflow_hallway_of_the_gods,
          nzn_ghost_randoct
Temple:   nicolae_temple_no_exploring_needed

Skill      XL: |  1  2  3  4  5  6  7  8  9 |
---------------+----------------------------+-----
Fire Magic     | 4 |  4.8
Spellcasting   | 3 |  3.2
Conjurations   | 4 |  4.8
Maces & Flails | 1 4 7 10 13 | 13.3
Dodging        | |  2.7
Stealth        | |  1.4

Action                     |  1- 3 |  4- 6 |  7- 9 || total
---------------------------+-------+-------+-------++-------
  Melee: Unarmed           |     4 |       |       ||     4
         Flail             |       |       |    52 ||    52
   Cast: Foxfire           |    13 |    28 |    27 ||    68
         Scorch            |       |     9 |    32 ||    41
         Flame Wave        |       |       |    14 ||    14
    Use: Scroll            |       |       |     9 ||     9
         Potion            |       |       |     4 ||     4
 Armour: Robe              |       |       |    26 ||    26
         Skin              |       |       |    16 ||    16
  Dodge: Dodged            |     5 |     1 |    63 ||    69
